 Dungeon Crawl Stone Soup version 0.31-a0-1074-g0b22e4e0f1 (webtiles) character file.

Game seed: 14570323320751125101

65 tbh1313 the Cudgeller (level 4, -3/42 HPs)
             Began as a Gargoyle Berserker on Nov 30, 2023.
             Was a Believer of Trog.
             Slain by an orc
             ... wielding a +0 whip of distortion
              (5 damage)
             ... on level 3 of the Dungeon.
             The game lasted 00:05:29 (1596 turns).

tbh1313 the Cudgeller (Gargoyle Berserker)          Turns: 1596, Time: 00:05:30

Health: -3/42      AC:  6    Str: 20    XL:     4   Next: 13%
Magic:  4/4        EV: 11    Int: 16    God:    Trog [**....]
Gold:   114        SH:  5    Dex:  9    Spells: 3/3 levels left

rFire   . . .        a - +1 mace
rCold   . . .        (no shield)
rNeg    + . .        b - +0 animal skin
rPois   ∞            (no helmet)
rElec   +            (no cloak)
rCorr   .            h - +0 pair of gloves
SInv    .            (no boots)
Will    .....        j - amulet of reflection Stlth
                     k - +6 ring of intelligence
HPRegen 0.27/turn    (no ring)
MPRegen 0.09/turn

%: reflection
@: berserking, very quick
A: sickness immunity, AC +3, negative energy resistance 1, electricity
resistance, torment resistance 1, petrification resistance
a: Renounce Religion, Berserk, Trog's Hand


You were on level 3 of the Dungeon.
You worshipped Trog.
Trog was pleased with you.
You visited 1 branch of the dungeon, and saw 3 of its levels.

You collected 114 gold pieces.

Inventory:

Hand Weapons
 a - a +1 mace (weapon)
Armour
 b - a +0 animal skin (worn)
 h - a +0 pair of gloves (worn)
Jewellery
 j - an amulet of reflection (around neck)
 k - a +6 ring of intelligence (left hand)
Scrolls
 c - a scroll of blinking
 m - a scroll of enchant weapon
Potions
 d - a potion of mutation
 e - a potion of heal wounds
 f - a potion of berserk rage {unknown}
 g - a potion of magic {unknown}
 i - a potion of curing {unknown}
 l - a potion of brilliance {unknown}
 n - a potion of degeneration {unknown}


   Skills:
 - Level 3.2 Fighting
 + Level 4.9 Maces & Flails
 - Level 2.1 Armour
 - Level 1.5 Dodging


You had 3 spell levels left.
You didn't know any spells.
Your spell library was empty.

Dungeon Overview and Level Annotations

Branches:
Dungeon (3/15)

Altars:
Ru


Innate Abilities, Weirdness & Mutations

You are immune to sickness and miasma.
Your stone body is resilient. (AC +3)
You are immune to poison.
You resist negative energy. (rN+)
You are resistant to electric shocks. (rElec)
You are resistant to unholy torment.
You are immune to petrification.


Message History

You kill the worm!
Trog accepts your kill.
No target in view!
No target in view!
No target in view!
No target in view!
No target in view!
No target in view!
No target in view!
No target in view!
No target in view!
You see here a worm corpse.
Found an escape hatch in the floor.
You open the door.
There is an open door here.
You open the door.
There is an open door here.
Found a stone staircase leading up.
n - a fizzy purple potion An orc comes into view.
It is wielding a +0 whip of distortion.
The orc shouts!
Found a sacrificial altar of Ru.
A rat comes into view.
You barely miss the orc. The orc hits you but does no damage.
Space warps horribly around you!
Ouch! That really hurt!
You hit the orc.
The orc is heavily wounded.
The orc hits you but does no damage. Space warps around you.
You closely miss the orc.
The orc is moderately wounded.
The orc completely misses you.
A red film seems to cover your vision as you go berserk!
You feel yourself moving faster!
You feel mighty! The orc hits you but does no damage.
Space warps horribly around you!
* * * LOW HITPOINT WARNING * * *
You closely miss the orc.
The orc is moderately wounded.
The orc hits you but does no damage. Space warps around you.
You die...

#+# #.. #.# ##.. #.#
_ ...# ##.## .. #...
##...## ...#...
#.....#
#.....#####...######
.##....#.............
.....ro@.####.#######
.......### #.#
....... #.# .......
#.# ....... #.#
####### ###.#######
#.........#
#.#.#####.####
#.#.#........#


You could see an orc and a rat.

Levels and vault maps discovered:
D:1:      kb_arrival_jail, layout_rooms
D:2:      layout_loops_ring, minivault_24
D:3:      layout_loops_corners, mainiacjoe_overflow_concentric_impassable,
          mainiacjoe_overflow_small_starburst, mainiacjoe_overflow_boulevard,
          uniq_natasha, uniq_sigmund

Notes
Turn   | Place    | Note
-------+----------+-------------------------------------------
     0 | D:1      | tbh1313 the Gargoyle Berserker began the quest for the Orb.
     0 | D:1      | Reached XP level 1. HP: 14/14 MP: 1/1
     2 | D:1      | Noticed a felid
     2 | D:1      | Noticed a merfolk
     4 | D:1      | Noticed a demonspawn
     6 | D:1      | Noticed a minotaur
     6 | D:1      | Noticed a human
     8 | D:1      | Noticed a formicid
     8 | D:1      | Noticed an elf
    10 | D:1      | Noticed a draconian
    10 | D:1      | Noticed an ogre
    12 | D:1      | Noticed a tengu
    12 | D:1      | Noticed a troll
    14 | D:1      | Noticed a vine stalker
    14 | D:1      | Noticed a naga
    16 | D:1      | Noticed a demigod
    16 | D:1      | Noticed a ghoul
    18 | D:1      | Noticed a spriggan
    18 | D:1      | Noticed a gargoyle
    20 | D:1      | Noticed a vampire
    22 | D:1      | Noticed an octopode
    22 | D:1      | Noticed an armataur
    24 | D:1      | Noticed a spriggan
    26 | D:1      | Noticed a demigod
    26 | D:1      | Noticed a minotaur
   108 | D:1      | Reached XP level 2. HP: 19/19 MP: 2/2
   328 | D:1      | Reached skill level 4 in Maces & Flails
   353 | D:1      | Reached XP level 3. HP: 13/23 MP: 3/3
  1054 | D:2      | Reached ** piety under Trog
  1287 | D:2      | Reached XP level 4. HP: 18/28 MP: 4/4
  1590 | D:3      | Found a sacrificial altar of Ru.
  1595 | D:3      | HP: 2/42 [orc/+0 whip of distortion (14)]
  1596 | D:3      | Slain by an orc

Table legend: (Time is in decaauts)
 A = Elapsed time spent in this place.
 B = Non-inter-level travel time spent in this place.
 C = Inter-level travel time spent in this place.
 D = Time resting spent in this place.
 E = Time spent auto-exploring this place.
 F = Levels seen in this place.
 G = Mean time per level.
                   A        B        C        D        E       F      G
               +--------+--------+--------+--------+--------+-----+--------+
         Total |   1636 |   1564 |     72 |    261 |    937 |   3 |  545.3 |
       Dungeon |   1636 |   1564 |     72 |    261 |    937 |   3 |  545.3 |
               +--------+--------+--------+--------+--------+-----+--------+

Top non-repeatable levels by time:
     D:1: 788 daAuts
     D:2: 778 daAuts
     D:3: 69 daAuts

Table legend:
 A = Kills in this place as a percentage of kills in the entire game.
 B = Kills by you in this place as a percentage of kills by you in the entire game.
 C = Kills by friends in this place as a percentage of kills by friends in the entire game.
 D = Other kills in this place as a percentage of other kills in the entire game.
 E = Experience gained in this place as a percentage of experience gained in the entire game.
 F = Experience gained in this place divided by the number of levels of this place that you have seen.
                   A       B       C       D       E      F
               +-------+-------+-------+-------+-------+----------------------
         Total | 100.0 | 100.0 |   N/A |   N/A | 100.0 |  31.0
       Dungeon | 100.0 | 100.0 |   N/A |   N/A | 100.0 |  31.0
               +-------+-------+-------+-------+-------+----------------------

Action                     |  1- 3 |  4- 6 || total
---------------------------+-------+-------++-------
  Melee: Mace              |   131 |     8 ||   139
         Punch             |     2 |       ||     2
 Invoke: Berserk           |     1 |     1 ||     2
    Use: Scroll            |     7 |     2 ||     9
 Armour: Animal skin       |    95 |     5 ||   100
  Dodge: Dodged            |    98 |     3 ||   101
  Block: Other             |     8 |       ||     8

Vanquished Creatures
  An adder (D:2)
  2 worms
  A dart slug (D:1)
  5 ball pythons
  3 bats
  6 endoplasms
  3 giant cockroaches
  2 goblins (D:2)
  8 hobgoblins
  2 jackals (D:1)
  3 quokkas
  4 kobolds
  3 rats
43 creatures vanquished.
